AoeStats
← NuMa | Gacha

Oasis

507309480Analyzed
2v2 RM · 16d ago on Sep 17, 2026· 64m 54s· 4 players
Game mode
Random Map
Map size
Medium (4 player)
Population
200
Speed
Normal
Resources
Standard
Victory
Conquest
Starting age
Dark Age
Ending age
Imperial Age
RankedLock teamsTeams togetherTeam positionsShared explorationLock speedFull tech treeHidden civsTurbo modeCheats
Victory
Defeat
🇨🇴 Italians · Colombia
1111
+12
🇨🇴 Lithuanians · Colombia
927
+20
🇲🇽 Britons · Mexico
1059
-18
🇦🇷 Saracens · Argentina
960
-14
NuMa | Gacha
7:07 Loom
10:32 Feudal Age
11:00 Double-Bit Axe
18:01 Fletching
22:12 Castle Age
20:45 Padded Archer Armor
22:35 Crossbowman
23:12 Bodkin Arrow
23:33 Leather Archer Armor
24:30 Gold Mining
26:27 Wheelbarrow
26:18 Horse Collar
29:54 Heavy Plow
29:51 Stone Mining
30:15 Forging
31:29 Bow Saw
32:03 Hand Cart
34:03 Ballistics
36:35 Imperial Age
34:58 Thumb Ring
34:37 Treadmill Crane
38:27 Chemistry
38:19 Onager
43:16 Bracer
43:47 Ring Archer Armor
45:10 Town Watch
46:07 Stone Shaft Mining
winter991
7:08 Loom
10:46 Feudal Age
14:24 Double-Bit Axe
14:28 Horse Collar
19:55 Castle Age
18:11 Gold Mining
18:53 Stone Mining
22:34 Bow Saw
22:32 Heavy Plow
23:58 Scale Barding Armor
25:18 Elite Skirmisher
25:59 Fletching
28:07 Bodkin Arrow
32:34 Imperial Age
31:33 Stone Shaft Mining
31:09 Padded Archer Armor
31:15 Murder Holes
31:42 Ballistics
33:11 Wheelbarrow
35:47 Masonry
39:02 Leather Archer Armor
40:12 Cavalier
41:21 Chain Barding Armor
41:12 Forging
41:15 Husbandry
41:26 Bloodlines
41:57 Conscription
41:41 Scale Mail Armor
42:31 Paladin
44:37 Iron Casting
46:08 Hand Cart
47:49 Ring Archer Armor
49:42 Tower Shields
51:18 Thumb Ring
51:41 Light Cavalry
54:05 Two-Man Saw
53:29 Winged Hussar
55:20 Bracer
56:07 Guilds
61:02 Chemistry
59:44 Treadmill Crane
60:35 Architecture
60:45 Plate Barding Armor
61:36 Chain Mail Armor
63:28 Fortified Wall
64:18 Elite Leitis
Joserro
11:23 Feudal Age
15:17 Castle Age
13:52 Double-Bit Axe
14:18 Loom
14:16 Horse Collar
14:58 Town Watch
16:20 Bow Saw
20:09 Fletching
23:13 Ballistics
23:15 Bodkin Arrow
26:56 Wheelbarrow
28:20 Hand Cart
32:36 Imperial Age
30:19 Padded Archer Armor
31:00 Heavy Plow
32:34 Town Patrol
34:00 Bracer
35:09 Chemistry
35:11 Two-Man Saw
34:52 Conscription
35:18 Leather Archer Armor
37:50 Yeomen
38:02 Elite Longbowman
39:30 Warwolf
39:37 Husbandry
39:44 Scale Barding Armor
40:11 Ring Archer Armor
39:51 Forging
39:59 Light Cavalry
42:32 Chain Barding Armor
45:46 Plate Barding Armor
45:46 Iron Casting
47:18 Pikeman
48:00 Scale Mail Armor
49:00 Blast Furnace
48:23 Halberdier
gustavoar
12:40 Feudal Age
Connection lost

Rejoining the realm…

Still unreachable

The connection could not be restored.

Session expired

The server has moved on; the page needs a fresh start.